 Dungeon Crawl Stone Soup version 0.24.0-13-gcf9b319 (webtiles) character file.

Game seed: 3668204472019198327, levelgen mode: deterministic

1192 Bronimir the Stinger (level 8, 0/68 HPs)
             Began as a Naga Venom Mage on Mar 26, 2020.
             Was a Follower of Vehumet.
             Slain by a crimson imp (2 damage)
             ... on level 5 of the Dungeon.
             The game lasted 00:17:59 (6786 turns).

Bronimir the Stinger (Naga Venom Mage)              Turns: 6786, Time: 00:17:59

Health: 0/68       AC:  4    Str: 16    XL:     8   Next: 43%
Magic:  7/13       EV: 10    Int: 18    God:    Vehumet [*.....]
Gold:   162        SH:  0    Dex: 11    Spells: 2/13 levels left

rFire    . . .     SeeInvis +   a - +3 scythe (slice)
rCold    . . .     Gourm    +   (shield currently unavailable)
rNeg     . . .     Faith    .   A - +0 leather armour
rPois    +         Spirit   .   (no helmet)
rElec    .         Reflect  .   (no cloak)
rCorr    .         Harm     .   (no gloves)
MR       +....                  (no barding)
Stlth    ++........             H - amulet of the gourmand
HPRegen  0.21/turn              (no ring)
MPRegen  0.13/turn              (no ring)

@: mighty, very slow
A: large, see invisible, deformed body, poison resistance, slowness 2, slow
metabolism 1, spit poison 1, AC +2
a: Spit Poison, Renounce Religion


You were on level 5 of the Dungeon.
You worshipped Vehumet.
Vehumet was aware of your devotion.
You were very hungry.

You visited 2 branches of the dungeon, and saw 7 of its levels.
You also visited: Ossuary.

You collected 162 gold pieces.

Inventory:

Hand Weapons
 a - a +3 scythe of slicing (weapon)
 b - a +0 hunting sling
 d - a +1 dagger of draining
 q - a +0 trident
 w - a +2 flail of protection
 z - a +0 quarterstaff
Missiles
 e - 59 sling bullets
 j - 43 bolts
 l - 183 stones (quivered)
 D - 16 arrows
Armour
 k - a +0 robe
 o - a +1 ring mail
 A - a +0 leather armour (worn)
Magical Staves
 y - an uncursed staff of earth
Jewellery
 H - an amulet of the gourmand (around neck)
Scrolls
 h - 8 scrolls of identify
 n - a scroll of blinking
 r - a scroll of noise {unknown}
 x - a scroll of fear
 B - 2 scrolls of magic mapping
 C - a scroll of remove curse
 G - 4 scrolls of teleportation
Potions
 f - 4 potions of lignification {unknown}
 g - 6 potions of curing
 i - 3 potions of brilliance
 m - a potion of ambrosia {unknown}
 p - a potion of heal wounds
 t - 3 potions of might
 v - a potion of haste {unknown}
 E - 2 potions of resistance {unknown}
 F - 3 potions of flight {unknown}
Comestibles
 c - 7 rations


   Skills:
 + Level 2.4 Fighting
 + Level 0.6 Maces & Flails
 + Level 3.9 Polearms
 + Level 2.3 Slings
 * Level 2.4 Armour
 + Level 2.6 Dodging
 - Level 4.0 Stealth
 + Level 3.4 Spellcasting
 * Level 3.4 Conjurations
 - Level 0.2 Air Magic
 * Level 6.7 Poison Magic


You had 2 spell levels left.
You knew the following spells:

 Your Spells              Type           Power        Failure   Level  Hunger
a - Sting                 Conj/Pois      ###.         2%          1    None
b - Poisonous Vapours     Pois/Air       ###...       7%          2    ##.....
c - Mephitic Cloud        Conj/Pois/Air  ###.....     13%         3    ###....
d - Olgreb's Toxic Radia  Pois           ####....     12%         4    ####...
e - Flame Tongue          Conj/Fire      #....        9%          1    None

Your spell library contained the following spells:

 Spells                   Type           Power        Failure   Level  Hunger
 Venom Bolt               Conj/Pois      ###.......   54%         5    ######.


Dungeon Overview and Level Annotations

Branches:
Dungeon (6/15)             Temple (1/1) D:4         Ossuary (visited)

Altars:
Ashenzari
Cheibriados
Dithmenos
Elyvilon
Fedhas
Gozag
Kikubaaqudgha
Makhleb
Nemelex Xobeh
Okawaru
Qazlal
Ru
Sif Muna
Trog
Uskayaw
Vehumet
Wu Jian
Xom
Yredelemnul
Zin
The Shining One

Shops:
D:4 %   D:5 (


Innate Abilities, Weirdness & Mutations

You cannot wear boots.
Your serpentine skin is tough. (AC +2)
You have supernaturally acute eyesight. (SInv)
Armour fits poorly on your strangely shaped body.
Your system is resistant to poisons. (rPois)
You cover ground very slowly.
You have a slow metabolism.
You can spit poison.


Message History

The crimson imp hits you but does no damage.
You closely miss the crimson imp. The crimson imp barely misses you. x2
You closely miss the crimson imp. The crimson imp hits you.
* * * LOW HITPOINT WARNING * * *
The crimson imp closely misses you.
You are too injured to fight recklessly!
You closely miss the crimson imp.
The crimson imp hits you but does no damage.
You closely miss the crimson imp. The crimson imp barely misses you.
The crimson imp hits you.
* * * LOW HITPOINT WARNING * * *
You closely miss the crimson imp.
The crimson imp hits you but does no damage. x2
You feel very mighty all of a sudden. The crimson imp hits you.
* * * LOW HITPOINT WARNING * * *
You barely miss the crimson imp. The crimson imp hits you.
* * * LOW HITPOINT WARNING * * *
The crimson imp hits you.
You die...

###..#..)#..###.##...............
##.........##.'.##..........>....
#........#.###.###.........)....
#.......##..##..##..............
#......###...#..##..............
###....##.'.......##.............
#.......###...#...##......#.....#
#.##..#..##..##...##.###.########
#.###.##..#.###.@.##.##..#
#.##..###..##.'5..#.....##
..##...##...###...#.....#
####.#.##....##...#.....#
.......##.....#...#.....#
...##..######...#########
.####......###..# ## ##.....#
##.# #.....# ###


You could see a crimson imp.

Vanquished Creatures
  Sigmund (D:2)
  A water moccasin (D:5)
  A sky beast (D:5)
  A bullfrog (D:6)
  3 water moccasin zombies (Ossuary)
  2 scorpions
  An orc priest (D:5)
  A hound (D:4)
  2 orc wizards
  A centaur skeleton (D:4)
  Jessica (D:2)
  2 worker ants (D:4)
  A big kobold zombie (Ossuary)
  3 mummies
  3 gnolls (D:3)
  6 adders
  An ooze (D:3)
  6 adder zombies (Ossuary)
  2 adder skeletons (D:4)
  2 worms
  2 dart slugs
  3 leopard geckos
  16 orcs
  7 bats
  A giant cockroach (D:1)
  3 gnoll zombies (Ossuary)
  4 goblins
  12 hobgoblins
  A jackal (D:6)
  4 kobolds
  A quokka (D:4)
  2 frilled lizards
  A goblin zombie (D:5)
  4 hobgoblin zombies (Ossuary)
  6 kobold zombies
  4 orc zombies (Ossuary)
  A quokka skeleton (D:5)
  15 rats
128 creatures vanquished.

Vanquished Creatures (collateral kills)
  A bat (D:3)
1 creature vanquished.

Grand Total: 129 creatures vanquished

Notes
Turn   | Place    | Note
-------+----------+-------------------------------------------
     0 | D:1      | Bronimir the Naga Venom Mage began the quest for the Orb.
     0 | D:1      | Reached XP level 1. HP: 15/15 MP: 3/3
   222 | D:1      | Reached XP level 2. HP: 9/22 MP: 5/5
   471 | D:1      | Learned a level 2 spell: Poisonous Vapours
  1455 | D:2      | Reached XP level 3. HP: 10/28 MP: 0/6
  1721 | D:2      | Noticed Jessica
  1726 | D:2      | Learned a level 3 spell: Mephitic Cloud
  1737 | D:2      | Killed Jessica
  1737 | D:2      | Reached skill level 5 in Poison Magic
  1737 | D:2      | Reached XP level 4. HP: 37/37 MP: 3/7
  2293 | D:2      | Noticed Sigmund
  2307 | D:2      | Killed Sigmund
  2307 | D:2      | Reached skill level 1 in Fighting
  2307 | D:2      | Reached skill level 1 in Polearms
  2307 | D:2      | Reached XP level 5. HP: 9/44 MP: 0/9
  2307 | D:2      | Reached XP level 6. HP: 10/51 MP: 0/10
  3379 | D:3      | Found a faded altar of an unknown god.
  3883 | D:4      | Reached XP level 7. HP: 39/58 MP: 6/11
  3993 | D:4      | Found a staircase to the Ecumenical Temple.
  4045 | Temple   | Entered the Ecumenical Temple
  4161 | Temple   | Became a worshipper of Vehumet
  4436 | D:4      | Found Lonider's Food Boutique.
  4448 | D:4      | Learned a level 4 spell: Olgreb's Toxic Radiance
  4463 | D:4      | Reached skill level 6 in Poison Magic
  4599 | D:4      | Reached skill level 1 in Armour
  4933 | D:5      | Entered Level 5 of the Dungeon
  5263 | D:5      | Found Qirudir's Weapon Shoppe.
  5306 | D:5      | Found a sand-covered staircase.
  5311 | Ossuary  | Entered an ossuary
  5751 | Ossuary  | Reached * piety under Vehumet
  5751 | Ossuary  | Offered knowledge of Flame Tongue by Vehumet.
  5758 | Ossuary  | Learned a level 1 spell: Flame Tongue
  5777 | Ossuary  | Reached XP level 8. HP: 59/67 MP: 13/13
  6786 | D:5      | HP: 2/68 [crimson imp (3)]
  6786 | D:5      | Slain by a crimson imp

Levels and vault maps discovered:
D:1:      eino_arrival_cavern_a, layout_loops_corners, serial_park_tiny_pond,
          kennysheep_small_spiral
D:2:      layout_loops_ring, uniq_jessica, uniq_sigmund
D:3:      layout_loops_ring, first_ration, chequers_ecumenical_altar_grove
D:4:      layout_basic, minmay_temple_entry_fiery, serial_shops, shop_fountains,
          grunt_ministairs_15
D:5:      layout_rooms, nicolae_ossuary_entry_giza, serial_shops, shop
D:6:      layout_basic, sword_in_stone
Temple:   compressed_dpeg_circular_temple

Skill      XL: |  1  2  3  4  5  6  7  8 |
---------------+-------------------------+-----
Poison Magic   | 5 6 |  6.7
Fighting       | 1 2 |  2.4
Polearms       | 1 2 3 |  3.9
Slings         | 2 |  2.3
Dodging        | 2 |  2.6
Spellcasting   | 3 |  3.4
Stealth        | 4 |  4.0
Armour         | 1 2 |  2.4
Conjurations   | 3 |  3.4
Maces & Flails | |  0.6
Air Magic      | |  0.2

Action                   |  1- 3 |  4- 6 |  7- 9 || total
-------------------------+-------+-------+-------++-------
Melee: Whip              |    10 |       |       ||    10
       Trident           |       |    14 |       ||    14
       Scythe            |       |    64 |   219 ||   283
 Fire: Hunting sling     |     6 |    26 |       ||    32
 Cast: Sting             |    17 |    10 |    12 ||    39
       Poisonous Vapours |     7 |    14 |     9 ||    30
       Mephitic Cloud    |     1 |     6 |     5 ||    12
       Olgreb's Toxic Ra |       |       |     1 ||     1
 Abil: Spit Poison       |     7 |    10 |     7 ||    24
  Use: Scroll            |       |       |    12 ||    12
       Potion            |       |       |     2 ||     2
 Stab: Sleeping          |       |     6 |     8 ||    14
       Confused          |       |     1 |     3 ||     4
  Eat: Chunk             |     3 |     6 |     3 ||    12
       Ration            |       |       |     2 ||     2
Armor: Robe              |     3 |    37 |       ||    40
       Leather armour    |       |       |    88 ||    88
Dodge: Dodged            |    10 |    51 |   171 ||   232
